 Dungeon Crawl Stone Soup version 0.20.1-1-g8b1a95d (webtiles) character file.

111 Thjof the Gusty (level 4, -13/34 HPs)
             Began as a Draconian Air Elementalist on Nov 6, 2017.
             Mangled by an ogre
             ... wielding a +0 giant spiked club
              (24 damage)
             ... on level 4 of the Dungeon.
             The game lasted 00:26:30 (1661 turns).

Thjof the Gusty (Draconian Air Elementalist)        Turns: 1661, Time: 00:26:33

Health: -13/34     AC:  5    Str: 11    XL:     4   Next: 62%
Magic:  3/8        EV: 12    Int: 18    God:
Gold:   105        SH:  0    Dex: 11    Spells: 0/8 levels left

rFire    . . .     SeeInvis .     - Unarmed
rCold    . . .     Gourm    .   (no shield)
rNeg     . . .     Faith    .   (armour unavailable)
rPois    .         Spirit   .   (helmet restricted)
rElec    .         Reflect  .   (no cloak)
rCorr    .         Harm     .   (no gloves)
MR       .....                  (no boots)
Stlth    ++........             w - amulet of regeneration
Regen    0.6/turn               h - +2 ring of intelligence
MPRegen  0.2/turn               y - ring of flight

@: very slightly contaminated
A: unfitting armour, cold-blooded, AC +5
a: Evoke Flight


You were on level 4 of the Dungeon.
You were full.

You visited 1 branch of the dungeon, and saw 4 of its levels.

You collected 105 gold pieces.

Inventory:

Hand Weapons
 a - a +0 blowgun
 b - a +0 fustibalus
 z - a +0 mace
 B - a cursed -2 rapier
 F - a +1 dagger of protection
Missiles
 k - 60 stones (quivered)
 r - 2 throwing nets
 C - 17 poisoned needles
Armour
 n - a +1 leather armour
 G - a cursed +0 helmet
Magical Staves
 E - an uncursed staff of earth
Jewellery
 h - a +2 ring of intelligence (left hand)
 w - an amulet of regeneration (around neck)
 y - a ring of flight (right hand)
Scrolls
 c - a scroll of identify {unknown}
 e - a scroll of immolation {unknown}
 g - a scroll of enchant armour
 i - a scroll of magic mapping {unknown}
 l - 5 scrolls of remove curse
 o - a scroll of recharging {unknown}
 p - 2 scrolls of teleportation {unknown}
 s - a scroll of blinking {unknown}
 u - a scroll of amnesia
Potions
 j - a potion of magic {unknown}
 m - 3 potions of heal wounds {unknown}
 t - a potion of brilliance {unknown}
 D - a potion of curing {unknown}
 O - a potion of haste {unknown}
Books
 x - a book of Misfortune

   Spells                             Type                      Level
   a - Confusing Touch                Hexes                        1
   b - Confuse                        Hexes                        3
   c - Gell's Gravitas                Translocation                3
   d - Petrify                        Transmutation/Earth          4
   e - Metabolic Englaciation         Hexes/Ice                    5
   f - Yara's Violent Unravelling     Hexes/Transmutation          5
 A - a book of Air

   Spells                             Type                      Level
   a - Shock                          Conjuration/Air              1
   b - Swiftness                      Charms/Air                   2
   c - Static Discharge               Conjuration/Air              3
   d - Airstrike                      Air                          4
   e - Lightning Bolt                 Conjuration/Air              5
Comestibles
 f - 2 royal jellies
 q - 3 bread rations
 v - 5 fruits


   Skills:
 + Level 0.4 Fighting
 + Level 2.1 Dodging
 + Level 2.1 Stealth
 + Level 1.3 Unarmed Combat
 + Level 2.6 Spellcasting
 + Level 1.7 Conjurations
 + Level 3.9 Air Magic


You couldn't memorise any spells.
You knew the following spells:

 Your Spells              Type           Power        Failure   Level  Hunger
a - Shock                 Conj/Air       ##..         5%          1    #......
b - Static Discharge      Conj/Air       ##......     16%         3    ###....
c - Airstrike             Air            ###.......   32%         4    #####..


Dungeon Overview and Level Annotations

Branches:
Dungeon (4/15)
 Temple: D:4-7

Altars:
Trog


Innate Abilities, Weirdness & Mutations

Your plain brown scales are hard. (AC +5)
You cannot fit into any form of body armour.
You are cold-blooded and may be slowed by cold attacks.


Message History

Aiming: Shock
Press: ? - help, Shift-Dir - straight line The zap hits the ogre.
The ogre is severely wounded.
The zap hits the ogre.
The ogre is almost dead.
The ogre hits you with a giant spiked club!!
Ouch! That really hurt!
* * * LOW HITPOINT WARNING * * *
Casting: Shock
Confirm with . or Enter, or press ? or * to list all spells.
Aiming: Shock
Press: ? - help, Shift-Dir - straight line The zap hits the ogre.
The ogre is almost dead.
The zap hits the ogre.
The ogre is almost dead.
The ogre hits you with a giant spiked club!!
Ouch! That really hurt!
You die...

#####.# #.# #................
......#####.#####.#...######.#..#
.....................>## #.#..#
###########.....O......# #.#..#
#.......#.#..## #.#..#
#.#######O#...####.#..# #.#
#.#...........#
#.#######.#...####.##.#
#.....@O..#....# #.##.#
#.#########.#..# #.##.# ###.##
#.#..# #.##.# #<...#
#.##.###.##.# ###..#
#.##..##.##.. #..# #...<........
...# ######..##.###. ....
..................
........#####....#.###.


You could see an ogre.

Vanquished Creatures
  A centaur skeleton (D:4)
  3 adders
  A worm (D:3)
  4 leopard geckos
  5 orcs (D:3)
  3 giant cockroaches (D:3)
  3 goblins
  6 hobgoblins
  4 kobolds
  A quokka (D:3)
  5 bats
  3 frilled lizards
  4 rats
43 creatures vanquished.

Notes
Turn   | Place    | Note
-------+----------+-------------------------------------------
     0 | D:1      | Thjof the Draconian Air Elementalist began the quest for the Orb.
     0 | D:1      | Reached XP level 1. HP: 14/14 MP: 3/3
   139 | D:1      | Reached XP level 2. HP: 20/20 MP: 3/5
   484 | D:1      | Learned a level 2 spell: Swiftness
   663 | D:2      | You fall through a shaft!
   717 | D:3      | Reached XP level 3. HP: 21/26 MP: 1/6
   803 | D:3      | Reached skill level 1 in Unarmed Combat
   854 | D:3      | Learned a level 3 spell: Static Discharge
   866 | D:3      | Found a bloodstained altar of Trog.
  1249 | D:3      | Reached XP level 4. HP: 27/33 MP: 2/7
  1258 | D:3      | Learned a level 4 spell: Airstrike
  1648 | D:4      | Noticed an ogre
  1661 | D:4      | Mangled by an ogre

Skill      XL: |  1  2  3 |
---------------+----------+-----
Dodging        | 2 |  2.1
Unarmed Combat | 1 |  1.3
Stealth        | 2 |  2.1
Fighting       | |  0.4
Spellcasting   | |  2.6
Conjurations   | |  1.7
Air Magic      | |  3.9

Action                   |  1- 3 |  4- 6 || total
-------------------------+-------+-------++-------
Melee: Unarmed           |   101 |     6 ||   107
       Tailslap          |    11 |     2 ||    13
       Punch             |     1 |       ||     1
 Fire: Blowgun           |     1 |       ||     1
 Cast: Shock             |    54 |    14 ||    68
       Swiftness         |     4 |       ||     4
 Abil: Evoke Flight      |     1 |       ||     1
  Use: Scroll            |     1 |     2 ||     3
 Stab: Sleeping          |     4 |       ||     4
  Eat: Chunk             |     2 |     1 ||     3
       Meat ration       |       |     1 ||     1
Armor: Skin              |    36 |     4 ||    40
Dodge: Dodged            |    69 |     8 ||    77
